 Dungeon Crawl Stone Soup version 0.28-a0-1374-ga75cb3825e (webtiles) character file.

Game seed: 11332433805001600054

16513 freelancePsychic the Fighter (level 12, -1/80 HPs)
             Began as an Octopode Venom Mage on Jan 1, 2022.
             Was an Initiate of Gozag.
             Slain by an orc warrior (10 damage)
             ... led by an orc knight
             ... on level 2 of the Orcish Mines.
             The game lasted 00:51:04 (19141 turns).

freelancePsychic the Fighter (Octopode Venom Mage) Turns: 19141, Time: 00:51:05

Health: -1/80      AC:  1    Str: 11 (13) XL:     12   Next: 38%
Magic:  11/21      EV: 14    Int: 22      God:    Gozag
Gold:   1297       SH:  0    Dex: 11      Spells: 11/27 levels left

rFire   . . .      SeeInvis +     - Unarmed
rCold   . . .      Faith    .   C - orb {mayhem}
rNeg    . . .      Spirit   .   (helmet restricted)
rPois   +          Reflect  .   l - amulet of regeneration
rElec   .          Harm     .   a - +6 ring of strength
rCorr   +          Rampage  .   v - ring of see invisible
Will    .....                   B - ring of resist corrosion
Stlth   +++.......              g - ring of poison resistance
HPRegen 1.03/turn               (no ring)
MPRegen 0.17/turn               (no ring)
                                (no ring)
                                (no ring)

@: gold aura, very slightly contaminated
A: almost no armour, amphibious, 8 rings, camouflage 1, gelatinous body 1,
(nimble swimmer 1), tentacles, clumsy 1, deterioration 1, frail 1, low mp 1
a: Renounce Religion, Potion Petition, Call Merchant, Bribe Branch


You were on level 2 of the Orcish Mines.
You worshipped Gozag.
Gozag was most pleased with you.
You visited 3 branches of the dungeon, and saw 15 of its levels.

You collected 2471 gold pieces.
You spent 600 gold pieces at shops.
You paid 574 gold pieces to Gozag.

Inventory:

Missiles
 b - 2 throwing nets
Armour
 q - an orb of light
 x - a +0 buckler
 C - an orb of mayhem (worn)
Jewellery
 a - a +6 ring of strength (left tentacle)
 g - a ring of poison resistance (on tentacle)
 l - an amulet of regeneration (around mantle)
 v - a ring of see invisible (right tentacle)
 B - a ring of resist corrosion (on tentacle)
Wands
 f - a wand of mindburst (3)
 n - a wand of charming (2)
 t - a wand of polymorph (9)
 u - a wand of acid (3)
 A - a wand of flame (13)
Scrolls
 d - a scroll of summoning
 e - a scroll of brand weapon
 h - 3 scrolls of teleportation {@r4}
 m - 2 scrolls of enchant armour
 o - 2 scrolls of blinking
 r - a scroll of immolation
 s - a scroll of amnesia
 w - 3 scrolls of fog
 z - a scroll of vulnerability
Potions
 c - 2 potions of curing {@q1}
 i - a potion of berserk rage
 j - a potion of heal wounds {@q2}
 k - 3 potions of flight
 p - 2 potions of might {unknown}


   Skills:
 - Level 10.8 Fighting
 + Level 3.8 Dodging
 - Level 4.1 Stealth
 - Level 4.0 Shields
 - Level 2.1 Unarmed Combat
 - Level 8.1 Spellcasting
 + Level 7.7 Conjurations
 + Level 9.0 Transmutations
 - Level 2.8 Air Magic
 - Level 6.6 Poison Magic


You had 11 spell levels left.
You knew the following spells:

 Your Spells              Type           Power      Damage    Failure   Level
a - Sting                 Tmut/Pois      100%       1d8       1%          1
b - Spider Form           Tmut/Pois      43%        N/A       1%          3
c - Mephitic Cloud        Conj/Pois/Air  34%        N/A       1%          3
d - Olgreb's Toxic Radia  Pois           38%        N/A       4%          4
h - Irradiate             Conj/Tmut      22%        3d21      6%          5

Your spell library contained the following spells:

 Spells                   Type           Power      Damage    Failure   Level
 Beastly Appendage        Tmut           96%        N/A       1%          1
 Magic Dart               Conj           100%       1d8       1%          1
 Poisonous Vapours        Pois/Air       58%        N/A       1%          2
 Wereblood                Tmut           48%        N/A       1%          2
 Blade Hands              Tmut           24%        N/A       4%          5
 Call Imp                 Summ           8%         N/A       11%         2
 Dragon Form              Tmut           24%        N/A       83%         7
 Dispersal                Tloc           4%         N/A       100%        6
 Disjunction              Tloc           4%         N/A       100%        8


Dungeon Overview and Level Annotations

Branches:
Dungeon (12/15)            Temple (1/1) D:7            Lair (0/6) D:10
    Orc (2/2) D:11
    Elf: Orc:2

Altars:
Ashenzari
Cheibriados
Dithmenos
Fedhas
Gozag
Hepliaklqana
Makhleb
Nemelex Xobeh
Okawaru
Qazlal
Sif Muna
Trog
Vehumet
Wu Jian
Xom
Yredelemnul
Zin
The Shining One
Beogh

Shops:
D:9 :   Orc:1 *

Annotations:
D:4 Dowan
D:5 Ijyb
D:10 2 transporters, Harold


Innate Abilities, Weirdness & Mutations

You cannot wear most types of armour.
You are amphibious.
You can wear up to eight rings at the same time.
Your skin changes colour to match your surroundings (Stealth+).
Your rubbery body absorbs attacks. (AC +1, EV +1)
((You are camouflaged when in or above water. (Stealth+)))
You have tentacles for arms and can constrict up to eight enemies at once.
You are clumsy. (Dex -2)
Your body sometimes deteriorates upon taking damage.
You are frail. (-10% HP)
Your magical capacity is low. (-10% MP)


Message History

There is a stone staircase leading down here.
You climb downwards.
The orc shouts!
The orc closely misses you.
The orc knight unwields a +0 long sword.
The orc knight wields a +0 arbalest.
The orc knight shoots a bolt.
The bolt hits you!!
Your body deteriorates!
You feel weakened. The orc closely misses you.
There is a stone staircase leading up, spattered with blood here.
Casting: Olgreb's Toxic Radiance (dangerous; 4% risk of failure)
Confirm with . or Enter, or press ? or * to list all spells.
You miscast Irradiate.
You are very lightly contaminated with residual magic.
Nothing appears to happen.
The orc hits you with a +0 dagger. The orc hits you with a +0 flail.
The orc warrior hits you with a +0 flail!
Casting: Irradiate (dangerous; 6% risk of failure)
Confirm with . or Enter, or press ? or * to list all spells.
You erupt in a fountain of uncontrolled magic!
The troll is blasted with magical radiation!!
The troll is heavily wounded.
The troll twists and deforms.
The orc warrior is blasted with magical radiation!!
The orc warrior is severely wounded.
The orc warrior twists and deforms.
The orc is blasted with magical radiation!!
You kill the orc!
The orc is blasted with magical radiation!!
You kill the orc!
The troll bites you!
* * * LOW HITPOINT WARNING * * *
The troll claws you!
* * * LOW HITPOINT WARNING * * *
Your body deteriorates!
You feel weakened. The troll misses you.
The orc knight shoots a bolt.
The bolt closely misses you.
The orc warrior hits you with a +0 flail!
You die...
Your body crumbles into a pile of gold.

.. ### #......###
###..# #
#.....##.##......
..##.....#..........
................#...
..$..............#..
..................#.
...........T@$......
$
.......[.)..o$......
.#.....#<[o..$$....#
.......))...$.......
........[........[.#
.............###.#$.
..............# #...
......$$$.##.## .$.$
.........####..


o You could see an orc knight, a troll (misshapen) and an orc warrior
(misshapen).

Vanquished Creatures
  Snorg (D:10)
  Josephine (D:10)
  A boulder beetle (D:11)
  Erica (D:11)
  4 two-headed ogres
  An orc knight (D:11)
  An orc sorcerer (Orc:1)
  A cyclops (D:11)
  2 centaur zombies (D:11)
  A gargoyle (D:10)
  Maggie (D:9)
  3 trolls
  2 shadows (D:11)
  9 yaks
  A wyvern (D:9)
  A wraith (D:10)
  Grum (D:9)
  2 vampire mosquitoes (D:10)
  A warg (Orc:2)
  13 orc warriors
  8 ogres
  3 centaurs (D:11)
  2 wolves (D:9)
  2 bullfrogs
  6 kobold brigands
  2 wyvern zombies
  A scorpion (D:6)
  A howler monkey (D:8)
  2 bullfrog zombies (D:6)
  2 hounds (D:5)
  6 orc priests
  2 jellies
  A bullfrog skeleton (D:6)
  2 centaur skeletons
  3 iguanas
  17 orc wizards
  A hound skeleton (D:5)
  A howler monkey zombie (D:9)
  5 adders
  A worm (D:3)
  3 dart slugs
  38 orcs
  8 ball pythons
  6 endoplasms
  2 giant cockroaches
  4 goblins
  11 hobgoblins
  3 jackals (D:1)
  4 quokkas
  2 bats
  3 frilled lizards
  42 kobolds
  3 rats (D:2)
245 creatures vanquished.

Vanquished Creatures (collateral kills)
  6 yaks (D:10)
  2 wraiths (D:10)
  A vampire mosquito (D:10)
  4 orc warriors (D:11)
  7 orc priests
  An orc wizard (Orc:1)
  11 orcs
  2 kobolds (D:10)
34 creatures vanquished.

Vanquished Creatures (others)
  A kobold demonologist (D:12)
  A water moccasin (D:8)
  An orc warrior (Orc:2)
  2 centaurs (D:11)
  An ogre (Orc:1)
  An orc wizard (D:9)
7 creatures vanquished.

Grand Total: 286 creatures vanquished

Notes
Turn   | Place    | Note
-------+----------+-------------------------------------------
     0 | D:1      | freelancePsychic the Octopode Venom Mage began the quest
                  | for the Orb.
     0 | D:1      | Reached XP level 1. HP: 11/11 MP: 3/3
   155 | D:1      | Reached XP level 2. HP: 17/17 MP: 1/5
   464 | D:1      | Learned a level 2 spell: Poisonous Vapours
   704 | D:1      | Reached XP level 3. HP: 21/21 MP: 2/6
  2458 | D:3      | Found a faded altar of an unknown god.
  2743 | D:3      | Reached XP level 4. HP: 27/27 MP: 1/8
  2837 | D:3      | Learned a level 4 spell: Olgreb's Toxic Radiance
  4165 | D:4      | Reached skill level 5 in Poison Magic
  4245 | D:4      | Noticed an ogre
  4290 | D:4      | Reached XP level 5. HP: 16/31 MP: 5/10
  4682 | D:4      | Noticed an ogre
  4749 | D:2      | Learned a level 3 spell: Mephitic Cloud
  4876 | D:3      | Killed an ogre
  5034 | D:4      | Noticed Dowan
  5161 | D:4      | Killed an ogre
  5162 | D:4      | Reached XP level 6. HP: 36/36 MP: 1/12
  5409 | D:5      | Entered Level 5 of the Dungeon
  5582 | D:5      | Found a shadowy altar of Dithmenos.
  5681 | D:5      | Noticed Ijyb
  5786 | D:5      | Reached skill level 1 in Conjurations
  5786 | D:5      | Reached skill level 1 in Air Magic
  5800 | D:5      | Reached XP level 7. HP: 24/41 MP: 2/13
  6781 | D:5      | Reached skill level 5 in Spellcasting
  7789 | D:6      | Found a basalt altar of Yredelemnul.
  7812 | D:6      | Reached skill level 1 in Fighting
  8215 | D:6      | Found a radiant altar of Vehumet.
  8216 | D:6      | Found a broken altar of Ashenzari.
  8434 | D:6      | Found an ornate altar of the Wu Jian Council.
  8497 | D:7      | Reached skill level 2 in Fighting
  8497 | D:7      | Reached XP level 8. HP: 43/50 MP: 13/16
  8710 | D:7      | Found a staircase to the Ecumenical Temple.
  8735 | Temple   | Entered the Ecumenical Temple
  8767 | Temple   | Became a worshipper of Gozag Ym Sagoz the Greedy
  8837 | D:7      | Found an iron altar of Okawaru.
  9371 | D:8      | Reached skill level 3 in Fighting
  9717 | D:8      | Noticed a yak
  9775 | D:8      | Noticed a yak
  9776 | D:8      | Noticed a yak
  9792 | D:8      | Reached skill level 4 in Fighting
  9967 | D:7      | Learned a level 3 spell: Spider Form
 10161 | D:8      | Killed a yak
 10296 | D:8      | Reached XP level 9. HP: 44/59 MP: 5/19
 10298 | D:7      | Reached skill level 5 in Fighting
 10635 | D:8      | Identified the -2 pair of gloves of Forking Paths {Dex+4}
 10843 | D:8      | Found a bloodstained altar of Trog.
 10860 | D:8      | Found a glowing silver altar of Zin.
 11133 | D:9      | Noticed Maggie
 11163 | D:9      | Killed Maggie
 11164 | D:9      | Reached skill level 1 in Shields
 11496 | D:9      | Reached skill level 6 in Fighting
 11622 | D:9      | Noticed a two-headed ogre
 11808 | D:9      | Noticed a troll
 11823 | D:9      | Found a snail-covered altar of Cheibriados.
 11825 | D:9      | Found a shimmering blue altar of Sif Muna.
 11839 | D:9      | Killed a troll
 12093 | D:9      | Noticed Grum
 12107 | D:9      | Reached XP level 10. HP: 69/69 MP: 5/22
 12107 | D:9      | Killed Grum
 12493 | D:10     | Entered Level 10 of the Dungeon
 12657 | D:10     | Found a transporter.
 12657 | D:10     | Noticed Harold
 12704 | D:10     | Noticed Snorg
 12807 | D:10     | Noticed a two-headed ogre
 12874 | D:10     | Killed a two-headed ogre
 12875 | D:10     | Reached skill level 7 in Fighting
 13065 | D:10     | Killed Snorg
 13172 | D:10     | Noticed Josephine
 13383 | D:9      | Killed a two-headed ogre
 13384 | D:9      | Reached skill level 8 in Fighting
 13588 | D:10     | Noticed a gargoyle
 13612 | D:10     | Reached skill level 5 in Conjurations
 13612 | D:10     | Reached XP level 11. HP: 78/78 MP: 8/23
 13729 | D:10     | Reached skill level 5 in Transmutations
 13801 | D:10     | Found a transporter.
 13801 | D:10     | Noticed a two-headed ogre
 13803 | D:10     | Noticed an ogre mage
 13804 | D:10     | Noticed a two-headed ogre
 13804 | D:10     | Noticed a two-headed ogre
 14245 | D:9      | Bought a book of Transfigurations for 600 gold pieces
 14251 | D:9      | Learned a level 5 spell: Irradiate
 14317 | D:10     | Reached skill level 9 in Fighting
 14378 | D:10     | Gained mutation: You have hidden genetic defects.
                  | [mutagenic glow]
 14381 | D:10     | Killed Josephine
 14387 | D:10     | Gained mutation: Your body sometimes deteriorates upon
                  | taking damage. [mutagenic glow]
 14403 | D:10     | Gained mutation: Your magical capacity is low. (-10% MP)
                  | [mutagenic glow]
 14713 | D:10     | Found a staircase to the Lair.
 15654 | D:11     | Noticed a two-headed ogre
 15682 | D:11     | Noticed a two-headed ogre
 15731 | D:11     | Found a staircase to the Orcish Mines.
 15770 | D:11     | Noticed a boulder beetle
 15797 | D:11     | Killed a boulder beetle
 15801 | D:11     | Gained mutation: You are frail. (-10% HP) [hidden defects]
 16024 | D:11     | Killed a two-headed ogre
 16116 | D:11     | Killed a two-headed ogre
 16212 | D:11     | Reached skill level 10 in Fighting
 16222 | D:11     | Gained mutation: You are clumsy. (Dex -2) [hidden defects]
 16222 | D:11     | Lost mutation: You have hidden genetic defects. [hidden
                  | defects expressed]
 16349 | D:11     | Noticed a cyclops
 16368 | D:11     | Killed a cyclops
 16581 | D:11     | Noticed an orc knight
 16601 | D:11     | Reached XP level 12. HP: 39/79 MP: 5/21
 16956 | D:11     | Noticed Erica
 16972 | D:11     | Killed Erica
 17500 | Orc:1    | Entered Level 1 of the Orcish Mines
 18324 | Orc:1    | Found Kyqiuh's Mayhem Merchandise.
 18616 | Orc:2    | Entered Level 2 of the Orcish Mines
 19141 | Orc:2    | Slain by an orc warrior

Illustrated notes

Levels and vault maps discovered:
D:1:      nzn_arrival_water_spiral, layout_rooms
D:2:      layout_loops_ring
D:3:      layout_basic, chequers_ecumenical_altar_island
D:4:      cheibrodos_helix_gallery, layout_basic, uniq_duvessa
D:5:      layout_loops_ring, kennysheep_little_box, corexii_checkpoint_b,
          mumra_transporter_accident, uniq_ijyb
D:6:      layout_loops_corners, nicolae_wu_jian_glorious_leap,
          nicolae_overflow_hidden_temple, grunt_tough_drop
D:7:      layout_gridville, mainiacjoe_overflow_24_doors,
          minmay_temple_entry_tees
D:8:      layout_rooms, mainiacjoe_overflow_large_starburst
D:9:      layout_grid_maze, mainiacjoe_overflow_catwalk_spiral, uniq_maggie,
          uniq_grum
D:10:     gammafunk_beogh_shrine, layout_basic, lair_entry_dummy, uniq_harold,
          uniq_snorg, uniq_josephine
D:11:     layout_basic, orc_0_dummy, special_room [special_room_orc], uniq_erica
D:12:     layout_cave_pools, gammafunk_ghost_fury_of_okawaru
Temple:   nicolae_temple_hex_pool
Orc:1:    layout_diamond_mine, nicolae_orc_rockfall, minmay_shop_mayhem,
          nicolae_orc_crystal_geode
Orc:2:    st_orc_pillars, layout_caves, serial_shops, shop, shop, shop_statue,
          nicolae_shop_hallway_plus, nicolae_shop_crystal

Skill      XL: |  1  2  3  4  5  6  7  8  9 10 11 12 |
---------------+-------------------------------------+-----
Stealth        | 3 4 |  4.1
Poison Magic   | 4 5 6 |  6.6
Spellcasting   | 3 4 5 6 8 |  8.1
Conjurations   | 1 5 7 |  7.7
Air Magic      | 1 2 |  2.8
Fighting       | 2 4 6 8 10 | 10.8
Unarmed Combat | 2 |  2.1
Dodging        | 3 |  3.8
Shields        | 3 4 |  4.0
Transmutations | 4 7 9 |  9.0

Action                   |  1- 3 |  4- 6 |  7- 9 | 10-12 || total
-------------------------+-------+-------+-------+-------++-------
Melee: Unarmed           |    15 |    28 |   133 |   101 ||   277
       Constrict         |     6 |     9 |    18 |    10 ||    43
       Tentacles         |     1 |     9 |    23 |    16 ||    49
 Cast: Sting             |    29 |    13 |     3 |       ||    45
       Poisonous Vapours |    48 |    60 |    24 |       ||   132
       Olgreb's Toxic Ra |       |       |    50 |    76 ||   126
       Mephitic Cloud    |       |       |    22 |    34 ||    56
       Spider Form       |       |       |     4 |     4 ||     8
       Irradiate         |       |       |       |    30 ||    30
Invok: Call Merchant     |       |       |       |     1 ||     1
 Abil: End Transformatio |       |       |       |     1 ||     1
Evoke: Wand              |       |       |     6 |     2 ||     8
  Use: Scroll            |     3 |     6 |     6 |     8 ||    23
       Potion            |       |       |       |     6 ||     6
 Stab: Confused          |       |       |     1 |       ||     1
       Distracted        |       |       |       |     1 ||     1
       Sleeping          |       |       |       |     1 ||     1
Armor: Skin              |     1 |     3 |     9 |     4 ||    17
Dodge: Dodged            |    15 |    29 |   118 |   139 ||   301

Table legend: (Time is in decaauts)
 A = Elapsed time spent in this place.
 B = Non-inter-level travel time spent in this place.
 C = Inter-level travel time spent in this place.
 D = Time resting spent in this place.
 E = Time spent auto-exploring this place.
 F = Levels seen in this place.
 G = Mean time per level.
                   A        B        C        D        E       F      G
               +--------+--------+--------+--------+--------+-----+--------+
         Total |  19238 |  18120 |   1118 |   2076 |  12577 |  15 | 1282.5 |
       Dungeon |  17573 |  16539 |   1034 |   1571 |  11793 |  12 | 1464.4 |
        Temple |    182 |    164 |     18 |    119 |     22 |   1 |  182.0 |
  Orcish Mines |   1481 |   1416 |     65 |    386 |    762 |   2 |  740.5 |
               +--------+--------+--------+--------+--------+-----+--------+

Top non-repeatable levels by time:
    D:10: 2649 daAuts
    D:11: 2114 daAuts
     D:9: 1914 daAuts
     D:3: 1889 daAuts
     D:5: 1722 daAuts
     D:2: 1469 daAuts
     D:4: 1403 daAuts
   Orc:1: 1392 daAuts
     D:7: 1359 daAuts
     D:6: 1252 daAuts
     D:8: 970 daAuts
     D:1: 791 daAuts
  Temple: 182 daAuts
   Orc:2: 89 daAuts
    D:12: 36 daAuts
